 Dungeon Crawl Stone Soup version 0.17-a0-491-gbd49765 (webtiles) character file.

721 vatarom the Changer (level 7, -2/49 HPs)
             Began as an Octopode Transmuter on Apr 10, 2015.
             Was an Initiate of Ru.
             Slain by an orc wizard
             ... wielding a +0 dagger
              (4 damage)
             ... on level 5 of the Dungeon.
             The game lasted 00:11:33 (5154 turns).

vatarom the Changer (Octopode Transmuter)           Turns: 5154, Time: 00:11:34

Health: -2/49      AC:  1    Str: 10    XL:     7   Next: 71%
Magic:  7/10       EV: 13    Int: 15    God:    Ru [......]
Gold:   183        SH:  0    Dex: 14    Spells: 4 memorised, 0 levels left

rFire  . . .     SeeInvis .       - Unarmed
rCold  . . .     Clarity  .     (no shield)
rNeg   . . .     SustAb   .     (helmet restricted)
rPois  .         Gourm    .     (no amulet)
rElec  .         Spirit   .     (no ring)
rCorr  .         Warding  .     (no ring)
rMut   .         Stasis   .     (no ring)
MR     .....                    (no ring)
Stlth  ++........               (no ring)
                                (no ring)
                                (no ring)
                                (no ring)

@: not resistant to hostile enchantments, unstealthy
A: almost no armour, amphibious, 8 rings, constrict 8, camouflage 1, gelatinous
body 1
a: Renounce Religion


You were on level 5 of the Dungeon.
You worshipped Ru.
Ru was noncommittal.
You were not hungry.

You visited 2 branches of the dungeon, and saw 6 of its levels.

You collected 183 gold pieces.

Inventory:

Missiles
 b - 12 arrows
Jewellery
 a - an uncursed amulet of faith {unknown}
Magical devices
 n - a wand of polymorph (12)
Scrolls
 e - a scroll of enchant armour
 f - 3 scrolls of teleportation
 g - 2 scrolls of remove curse
 h - 2 scrolls of enchant weapon
 j - a scroll of fear
 m - 3 scrolls of identify
Books
 d - a book of Changes

   Spells                             Type                      Level
   a - Beastly Appendage              Transmutation                1
   b - Sticks to Snakes               Transmutation                2
   c - Spider Form                    Transmutation/Poison         3
   d - Ice Form                       Ice/Transmutation            4
   e - Blade Hands                    Transmutation                5
Comestibles
 i - 2 beef jerkies
 k - a meat ration
 l - 2 bread rations


   Skills:
 + Level 4.6 Fighting
 * Level 2.6 Dodging
 - Level 4.1 Unarmed Combat
 - Level 2.0 Spellcasting
 + Level 5.8 Transmutations
 - Level 1.6 Ice Magic


You couldn't memorise any spells.
You knew the following spells:

 Your Spells              Type           Power        Failure   Level  Hunger
a - Beastly Appendage     Trmt           ###...       1%          1    #......
b - Sticks to Snakes      Trmt           ###.......   3%          2    ###....
c - Spider Form           Trmt/Pois      ##........   24%         3    ###....
d - Ice Form              Ice/Trmt       ##......     54%         4    #####..


Dungeon Overview and Level Annotations

Branches:
Dungeon (5/15)             Temple (1/1) D:4

Altars:
Cheibriados
Elyvilon
Gozag
Makhleb
Qazlal
Ru
Trog
Vehumet
Xom
Yredelemnul
Zin
The Shining One


Innate Abilities, Weirdness & Mutations

You cannot wear most types of armour.
You are amphibious.
You can wear up to eight rings at the same time.
You can use your tentacles to constrict eight enemies at once.
Your skin changes colour to match your surroundings (Stealth).
Your rubbery body absorbs attacks (AC +1).


Message History

You closely miss something. Something completely misses you.
You hit something but do no damage.
You hear some strange, mumbled words.
You are confused.
You completely miss something.
You hear some strange, mumbled words.
A puff of flame appears from out of thin air!
The puff of flame misses you.
You barely miss something. Something hits you.
* * * LOW HITPOINT WARNING * * *
You bump into the rock wall.
Something barely misses you. Something misses you.
You aren't carrying any potions.
Evoke which item? (* to show all) (? for menu, Esc to quit)
Okay, then.
You're too confused to move!
Something misses you.
You closely miss something.
Your transformation has ended.
You feel less confused. Something hits you.
You die...

###### ##
###....########....
.......+........#
#####....##.#@##..#
..........†[.{....#
.##.......)#..#..#
#........#?.# .#
###.#.##...#..# #
#..........#..#
#.#........#..# #
###.#....#..#
#.###.##...#...


There were no monsters in sight!

Vanquished Creatures
  Grinder (D:3)
  A scorpion (D:5)
  Ijyb (D:3)
  Natasha (thrice) (D:4)
  An iguana (D:4)
  2 worker ants (D:4)
  3 orc wizards
  A hound skeleton (D:4)
  3 gnolls (D:3)
  6 adders
  A shadow imp (D:4)
  4 worms
  An ooze (D:1)
  23 orcs
  9 bats
  2 giant cockroaches (D:2)
  10 hobgoblins
  7 jackals
  3 quokkas
  4 ball pythons
  2 giant geckos
  2 giant newts
  15 goblins
  10 kobolds
  14 rats
129 creatures vanquished.

Notes
Turn   | Place    | Note
--------------------------------------------------------------
     0 | D:1      | vatarom, the Octopode Transmuter, began the quest for the Orb.
     0 | D:1      | Reached XP level 1. HP: 13/13 MP: 3/3
   250 | D:1      | Reached XP level 2. HP: 15/18 MP: 3/5
   254 | D:1      | Learned a level 2 spell: Sticks to Snakes
   481 | D:1      | Found a glowing golden altar of the Shining One.
   534 | D:1      | Reached XP level 3. HP: 10/24 MP: 4/6
   648 | D:1      | Learned a level 3 spell: Spider Form
  1277 | D:2      | Reached XP level 4. HP: 6/30 MP: 7/7
  1836 | D:2      | Found a sacrificial altar of Ru.
  1983 | D:2      | Became a worshipper of Ru the Awakened
  2049 | D:3      | Noticed Ijyb
  2056 | D:3      | Killed Ijyb
  2088 | D:3      | Reached XP level 5. HP: 30/36 MP: 6/8
  2400 | D:3      | Reached skill level 4 in Transmutations
  2560 | D:3      | Noticed Grinder
  2568 | D:3      | Paralysed by Grinder for 2 turns
  2573 | D:3      | Killed Grinder
  2573 | D:3      | Reached skill level 5 in Transmutations
  2573 | D:3      | Reached XP level 6. HP: 16/43 MP: 9/9
  3805 | D:3      | Reached XP level 7. HP: 44/48 MP: 8/10
  3812 | D:3      | Learned a level 4 spell: Ice Form
  3944 | D:4      | Noticed Natasha
  3951 | D:4      | Killed Natasha
  3958 | D:4      | Noticed Natasha
  3964 | D:4      | Killed Natasha
  4114 | D:4      | Reached skill level 1 in Ice Magic
  4150 | D:4      | Found a staircase to the Ecumenical Temple.
  4240 | Temple   | Entered the Ecumenical Temple
  4556 | D:4      | Noticed Natasha
  4571 | D:4      | Killed Natasha
  5101 | D:5      | Entered Level 5 of the Dungeon
  5150 | D:5      | HP: 1/49 [something (3)]
  5154 | D:5      | Slain by an orc wizard

Action                   |  1- 3 |  4- 6 |  7- 9 || total
-------------------------+-------+-------+-------++-------
Melee: Unarmed           |    82 |   141 |   125 ||   348
 Cast: Beastly Appendage |    23 |    15 |     8 ||    46
       Spider Form       |     1 |     5 |     8 ||    14
Invok: Reject Sacrifices |       |       |     1 ||     1
  Use: Potion            |     3 |     4 |     1 ||     8
       Scroll            |     7 |     2 |     2 ||    11
 Stab: Sleeping          |     4 |     3 |     3 ||    10
  Eat: Bread ration      |     1 |     1 |       ||     2
       Fruit             |       |     3 |       ||     3
       Chunk             |       |     1 |       ||     1
       Meat ration       |       |       |     1 ||     1
